Build Orders - Match 21357560 - cohdb - Company of Heroes 3 Replays
cohdb
Replays
Latest Replays
All Replays
Popular Replays
Top Player Replays
Match Explorer
How It Works
Community
CoH3 Stats
Reddit
Sign in to upload your games and track your stats! →
Sign in with Steam
Match 21357560
Unlisted
Match 21357560
Overview
Messages
Build Orders
End
Construct Infanterie Kompanie
Selects Mechanized Battlegroup
Kettenkrad Recon Vehicle
Grenadier Squad
MG 42 Machine Gun Team
GrW 34 Mortar Team
Construct Panzergrenadier Kompanie
Support Elements
251 Medium Carrier
251 Medium Carrier
Panzergrenadier Officer Quarters
251 Medium Carrier
Selects Raid Package
251 Medium Carrier
StuG III G Assault Gun
Selects Mobile Repair Stations
Selects 8 Rad Armored Car
Selects UNKNOWN (2160084)
251 Medium Carrier
Construct Panzer Kompanie
Selects Stoßtruppen Assault Package
Selects Mechanized Assault
Panzer Officer Quarters
Stoßtruppen Squad
【嗜血狼族】灵狐魅儿
十里云雨夜
十月
ironknee89
risk105
撒旦代言人
RUFiO.sK
ikk
0
0
Comments
sign in to comment!
No comments posted yet!